cohdb
Replays
Latest Replays
All Replays
Popular Replays
Top Player Replays
Match Explorer
How It Works
Community
CoH3 Stats
Reddit
Sign in to upload your games and track your stats! →
Sign in with Steam
Match 29602575
Unlisted
Match 29602575
Overview
Messages
Build Orders
End
Panzergrenadier Squad
Selects Armored Support Battlegroup
Panzergrenadier Squad
Construct Light Support Kompanie
Fire Support Elements
2.5-tonne Medical Truck
le.IG 18 Support Gun Team
Veteran Squad Leaders
Selects Salvage Kits
Pak 38 Anti-tank Gun Team
thicol14
Disco Sex Guru
iAinEng
1174734789
Sugar Scoot
Gurren
Waxzogiepop
Re.Hans
0
0
Comments
sign in to comment!
No comments posted yet!